[ PARTIDA AOE2 · #481145118 ]
UnrankedJaponeses vs Lithuanians
Equipo del jugador · DERR
[ ANÁLISIS DE REPETICIÓN · EXTRAÍDO DE LA PARTIDA GRABADA ]
Feudal
10:56
Castillos
14:27
Imperial
31:48
| APM promedio | 46.5 |
| APM pico | 115 |
| eAPM promedio | 21.4 |
| Aldeanos / militares | 151 / 38 |
Foco
⚔️ 26.1% · 🌾 73.9%
Samurai ×27 · Battering Ram ×8 · Mangonel ×2 · Scorpion ×1
Feudal
11:45
Castillos
15:40
Imperial
—
| APM promedio | 65.8 |
| APM pico | 126 |
| eAPM promedio | 40.8 |
| Aldeanos / militares | 134 / 85 |
Foco
⚔️ 35.4% · 🌾 64.6%
Spearman ×43 · Knight ×26 · Monk ×11 · Scout Cavalry ×5
Feudal
10:31
Castillos
14:04
Imperial
29:14
| APM promedio | 33.3 |
| APM pico | 86 |
| eAPM promedio | 17.5 |
| Aldeanos / militares | 145 / 89 |
Foco
⚔️ 24.1% · 🌾 75.9%
Camel Scout ×87 · Scout Cavalry ×2
Feudal
9:26
Castillos
17:59
Imperial
—
| APM promedio | 43.1 |
| APM pico | 80 |
| eAPM promedio | 19.0 |
| Aldeanos / militares | 76 / 55 |
Foco
⚔️ 17.3% · 🌾 82.7%
Archer ×48 · Battering Ram ×4 · Mangonel ×3
Feudal
10:50
Castillos
14:36
Imperial
29:39
| APM promedio | 40.9 |
| APM pico | 80 |
| eAPM promedio | 17.9 |
| Aldeanos / militares | 128 / 50 |
Foco
⚔️ 13.1% · 🌾 86.9%
Hand Cannoneer ×38 · Monk ×5 · Hussite Wagon ×4 · Bombard Cannon ×2 · Mangonel ×1
Feudal
8:27
Castillos
19:24
Imperial
—
| APM promedio | 27.5 |
| APM pico | 64 |
| eAPM promedio | 16.2 |
| Aldeanos / militares | 122 / 111 |
Foco
⚔️ 35.5% · 🌾 64.5%
Knight ×81 · Scout Cavalry ×21 · Battering Ram ×5 · Monk ×4
Feudal
10:56
Castillos
14:29
Imperial
27:28
| APM promedio | 33.4 |
| APM pico | 71 |
| eAPM promedio | 18.1 |
| Aldeanos / militares | 132 / 44 |
Foco
⚔️ 19.5% · 🌾 80.5%
Knight ×44
Feudal
11:29
Castillos
15:24
Imperial
29:57
| APM promedio | 30.2 |
| APM pico | 67 |
| eAPM promedio | 15.5 |
| Aldeanos / militares | 142 / 8 |
Foco
⚔️ 18.2% · 🌾 81.8%
Knight ×5 · Conquistador ×3
Mapa de la partida
Recursos iniciales + cada clic de construcción. Líneas = muros · curvas = relieve. ◆ oro · ⬟ piedra · ● bayas · ✦ reliquia · ◌ hueco del cierre
Tu base· ✓ Cerrada en 14:27 · 0t muro · 2 puerta(s)
Base de thebjornlothbrok· ✓ Cerrada en 15:40 · 0t muro · 2 puerta(s)
Base de GDL Paquita Industrial· ✓ Cerrada en 14:04 · 0t muro · 2 puerta(s)
Base de TanjiroK· ✓ Cerrada en 17:59 · 0t muro · 3 puerta(s)
Base de Hi bro· ✓ Cerrada en 14:36 · 0t muro · 2 puerta(s)
Base de [GDL]Unchained Soul of Lord Yama· ✓ Cerrada en 19:24 · 0t muro · 2 puerta(s)
Base de 今夜只属于我· ✓ Cerrada en 14:29 · 0t muro · 2 puerta(s)
Base de [GDL] DonIvan· ✓ Cerrada en 15:24 · 0t muro · 2 puerta(s)
Terreno inicial suavizado · ◌ = hueco del cierre detectado · pasá el cursor para detalles
Inputs por minuto
— [GDL] Nicky - - thebjornlothbrok
Build order — [GDL] Nicky
Primeras 150 de 322 acciones detectadas
| 0:01 | Crear | Villager (Male) ×4 |
| 0:01 | Crear | Villager (Male) ×4 |
| 0:02 | Construir | House |
| 0:04 | Construir | House |
| 1:29 | Crear | Villager (Male) |
| 1:29 | Crear | Villager (Male) |
| 1:32 | Crear | Villager (Male) |
| 1:33 | Crear | Villager (Male) |
| 1:50 | Construir | Lumber Camp |
| 2:29 | Crear | Villager (Male) |
| 2:29 | Crear | Villager (Male) |
| 2:42 | Crear | Villager (Male) |
| 2:42 | Crear | Villager (Male) |
| 2:42 | Crear | Villager (Male) |
| 3:19 | Crear | Villager (Male) |
| 3:45 | Crear | Villager (Male) |
| 3:45 | Crear | Villager (Male) |
| 3:49 | Construir | House |
| 3:50 | Construir | House |
| 3:51 | Construir | House |
| 4:16 | Construir | Mill |
| 4:23 | Crear | Villager (Male) |
| 4:54 | Crear | Villager (Male) |
| 4:54 | Crear | Villager (Male) |
| 4:54 | Crear | Villager (Male) |
| 4:55 | Crear | Villager (Male) |
| 5:47 | Crear | Villager (Male) |
| 6:07 | Crear | Villager (Male) |
| 6:07 | Crear | Villager (Male) |
| 6:32 | Crear | Villager (Male) |
| 6:33 | Crear | Villager (Male) |
| 6:57 | Construir | Lumber Camp |
| 7:23 | Crear | Villager (Male) |
| 8:06 | Construir | Farm |
| 8:10 | Construir | Farm |
| 8:22 | Investigar | Feudal Age |
| 8:29 | Construir | Mining Camp |
| 9:45 | Crear | Villager (Male) |
| 10:27 | Crear | Villager (Male) |
| 10:56 | Edad | Edad Feudal |
| 10:57 | Construir | Market |
| 10:59 | Construir | Blacksmith |
| 11:15 | Investigar | Double-Bit Axe |
| 11:47 | Investigar | Castle Age |
| 11:47 | Investigar | Castle Age |
| 12:23 | Construir | Mining Camp |
| 13:58 | Crear | Villager (Male) |
| 13:58 | Investigar | Horse Collar |
| 14:27 | Edad | Edad de los Castillos |
| 14:28 | Construir | Town Center |
| 14:32 | Construir | Town Center |
| 14:45 | Crear | Villager (Male) |
| 14:53 | Construir | House |
| 15:16 | Crear | Villager (Male) |
| 15:20 | Construir | Farm |
| 15:31 | Construir | House |
| 15:32 | Investigar | Loom |
| 15:34 | Crear | Villager (Male) |
| 15:50 | Construir | Farm |
| 15:57 | Construir | House |
| 16:15 | Crear | Villager (Male) |
| 16:20 | Construir | Castle |
| 16:33 | Crear | Villager (Male) |
| 16:42 | Construir | Stone Wall |
| 16:44 | Crear | Villager (Male) |
| 16:49 | Crear | Villager (Male) |
| 16:55 | Construir | Siege Workshop |
| 17:06 | Construir | Farm |
| 17:07 | Construir | Farm |
| 17:12 | Crear | Villager (Male) |
| 17:12 | Crear | Villager (Male) |
| 17:24 | Construir | Farm |
| 17:26 | Construir | Farm |
| 17:30 | Construir | Farm |
| 17:53 | Crear | Villager (Male) |
| 17:53 | Crear | Villager (Male) |
| 18:01 | Construir | House |
| 18:10 | Crear | Villager (Male) |
| 18:13 | Construir | Outpost |
| 18:17 | Construir | Farm |
| 18:19 | Construir | Farm |
| 18:20 | Construir | Farm |
| 18:27 | Crear | Villager (Male) |
| 18:30 | Crear | Villager (Male) |
| 18:30 | Crear | Villager (Male) |
| 18:41 | Crear | Villager (Male) |
| 18:43 | Construir | Farm |
| 18:56 | Construir | Farm |
| 18:56 | Crear | Villager (Male) |
| 18:57 | Crear | Villager (Male) |
| 19:06 | Construir | House |
| 19:14 | Crear | Villager (Male) |
| 19:21 | Construir | Farm |
| 19:23 | Construir | Farm |
| 19:26 | Construir | Farm |
| 19:26 | Crear | Villager (Male) |
| 19:34 | Construir | House |
| 19:39 | Crear | Villager (Male) |
| 19:39 | Crear | Villager (Male) |
| 19:46 | Construir | Farm |
| 19:50 | Construir | Farm |
| 19:52 | Crear | Villager (Male) |
| 19:53 | Crear | Villager (Male) |
| 19:55 | Construir | House |
| 20:03 | Construir | Farm |
| 20:05 | Crear | Villager (Male) |
| 20:11 | Crear | Villager (Male) |
| 20:14 | Construir | Stone Wall |
| 20:16 | Crear | Villager (Male) |
| 20:25 | Crear | Villager (Male) |
| 20:29 | Crear | Battering Ram |
| 20:35 | Construir | Farm |
| 20:42 | Crear | Villager (Male) |
| 20:44 | Crear | Villager (Male) |
| 20:45 | Crear | Villager (Male) |
| 20:46 | Construir | House |
| 20:47 | Construir | House |
| 20:50 | Crear | Villager (Male) |
| 21:01 | Construir | Farm |
| 21:02 | Construir | Farm |
| 21:03 | Construir | Farm |
| 21:08 | Construir | Farm |
| 21:08 | Crear | Villager (Male) |
| 21:09 | Crear | Villager (Male) |
| 21:14 | Crear | Samurai |
| 21:19 | Construir | Farm |
| 21:24 | Crear | Samurai |
| 21:24 | Crear | Samurai |
| 21:25 | Crear | Samurai |
| 21:35 | Crear | Villager (Male) |
| 21:37 | Crear | Villager (Male) |
| 21:39 | Construir | Farm |
| 21:42 | Crear | Battering Ram |
| 21:42 | Crear | Battering Ram |
| 21:45 | Construir | House |
| 21:52 | Crear | Villager (Male) |
| 21:52 | Crear | Villager (Male) |
| 22:03 | Crear | Mangonel |
| 22:03 | Crear | Scorpion |
| 22:05 | Crear | Villager (Male) |
| 22:05 | Crear | Villager (Male) |
| 22:05 | Crear | Villager (Male) |
| 22:15 | Crear | Villager (Male) |
| 22:16 | Construir | House |
| 22:28 | Crear | Villager (Male) |
| 22:31 | Crear | Samurai |
| 22:38 | Crear | Villager (Male) |
| 22:39 | Crear | Villager (Male) |
| 22:39 | Crear | Villager (Male) |
| 22:50 | Construir | Blacksmith |
Build order — thebjornlothbrok
Primeras 150 de 363 acciones detectadas
| 0:00 | Crear | Villager (Male) |
| 0:00 | Crear | Villager (Male) |
| 0:02 | Construir | House |
| 0:03 | Construir | House |
| 0:06 | Crear | Villager (Male) |
| 0:15 | Crear | Villager (Male) |
| 0:20 | Crear | Villager (Male) |
| 0:24 | Crear | Villager (Male) |
| 1:31 | Crear | Villager (Male) |
| 1:31 | Crear | Villager (Male) |
| 1:49 | Construir | Lumber Camp |
| 1:58 | Crear | Villager (Male) |
| 2:14 | Crear | Villager (Male) |
| 2:14 | Crear | Villager (Male) |
| 2:23 | Crear | Villager (Male) |
| 2:23 | Crear | Villager (Male) |
| 2:38 | Crear | Villager (Male) |
| 2:38 | Crear | Villager (Male) |
| 3:08 | Crear | Villager (Male) |
| 3:15 | Crear | Villager (Male) |
| 3:16 | Crear | Villager (Male) |
| 3:32 | Crear | Villager (Male) |
| 3:34 | Construir | House |
| 3:59 | Construir | House |
| 4:21 | Crear | Villager (Male) |
| 4:32 | Crear | Villager (Male) |
| 5:18 | Construir | House |
| 5:53 | Crear | Villager (Male) |
| 5:57 | Construir | Mill |
| 6:03 | Construir | House |
| 6:43 | Crear | Villager (Male) |
| 7:06 | Construir | House |
| 7:11 | Construir | Farm |
| 7:12 | Construir | Farm |
| 7:15 | Crear | Villager (Male) |
| 7:48 | Crear | Villager (Male) |
| 8:04 | Construir | Farm |
| 8:15 | Crear | Villager (Male) |
| 8:39 | Crear | Villager (Male) |
| 8:48 | Construir | Farm |
| 9:06 | Crear | Villager (Male) |
| 9:06 | Investigar | Feudal Age |
| 9:29 | Construir | Barracks |
| 9:41 | Construir | Farm |
| 10:11 | Construir | Farm |
| 10:50 | Crear | Villager (Male) |
| 11:11 | Crear | Villager (Male) |
| 11:18 | Crear | Villager (Male) |
| 11:45 | Edad | Edad Feudal |
| 11:48 | Construir | Stable |
| 11:51 | Construir | Market |
| 12:16 | Construir | House |
| 12:33 | Construir | Mining Camp |
| 12:45 | Crear | Scout Cavalry |
| 12:46 | Investigar | Castle Age |
| 12:56 | Investigar | Double-Bit Axe |
| 13:00 | Crear | Scout Cavalry |
| 13:07 | Construir | House |
| 13:16 | Investigar | Horse Collar |
| 13:17 | Investigar | Horse Collar |
| 13:23 | Crear | Scout Cavalry |
| 13:29 | Construir | Farm |
| 13:36 | Crear | Scout Cavalry |
| 13:46 | Construir | Farm |
| 13:57 | Crear | Villager (Male) |
| 13:57 | Crear | Villager (Male) |
| 14:24 | Crear | Scout Cavalry |
| 15:40 | Edad | Edad de los Castillos |
| 15:45 | Construir | Town Center |
| 15:46 | Investigar | Bow Saw |
| 15:51 | Construir | Monastery |
| 16:01 | Crear | Villager (Male) |
| 16:25 | Crear | Monk |
| 16:26 | Crear | Monk |
| 16:26 | Crear | Monk |
| 16:26 | Crear | Monk |
| 16:28 | Crear | Villager (Male) |
| 16:30 | Construir | Farm |
| 16:31 | Construir | Farm |
| 16:38 | Crear | Villager (Male) |
| 17:02 | Crear | Villager (Male) |
| 17:03 | Crear | Villager (Male) |
| 17:03 | Crear | Villager (Male) |
| 17:04 | Crear | Villager (Male) |
| 17:04 | Crear | Villager (Male) |
| 17:07 | Construir | Farm |
| 17:09 | Construir | Farm |
| 17:11 | Construir | Farm |
| 17:17 | Crear | Monk |
| 17:25 | Crear | Villager (Male) |
| 17:25 | Crear | Villager (Male) |
| 17:26 | Crear | Villager (Male) |
| 17:29 | Construir | Farm |
| 17:38 | Construir | Farm |
| 17:40 | Crear | Villager (Male) |
| 17:40 | Crear | Villager (Male) |
| 17:44 | Construir | Farm |
| 17:49 | Crear | Villager (Male) |
| 17:52 | Construir | House |
| 17:53 | Construir | House |
| 17:57 | Construir | Farm |
| 18:10 | Crear | Villager (Male) |
| 18:11 | Crear | Villager (Male) |
| 18:19 | Construir | Farm |
| 18:21 | Construir | Farm |
| 18:27 | Construir | House |
| 18:27 | Construir | House |
| 18:29 | Crear | Villager (Male) |
| 18:29 | Crear | Villager (Male) |
| 18:34 | Crear | Villager (Male) |
| 18:34 | Crear | Villager (Male) |
| 18:37 | Construir | House |
| 18:41 | Construir | Farm |
| 18:47 | Construir | House |
| 18:50 | Construir | House |
| 19:00 | Construir | House |
| 19:16 | Crear | Villager (Male) |
| 19:16 | Crear | Villager (Male) |
| 19:18 | Construir | Farm |
| 19:19 | Crear | Villager (Male) |
| 19:19 | Crear | Villager (Male) |
| 19:19 | Crear | Villager (Male) |
| 19:28 | Construir | Town Center |
| 19:35 | Crear | Villager (Male) |
| 19:35 | Crear | Villager (Male) |
| 19:39 | Crear | Monk |
| 19:54 | Construir | House |
| 19:55 | Crear | Villager (Male) |
| 19:55 | Crear | Villager (Male) |
| 19:55 | Crear | Villager (Male) |
| 19:59 | Construir | Farm |
| 20:19 | Crear | Villager (Male) |
| 20:19 | Crear | Villager (Male) |
| 20:20 | Crear | Villager (Male) |
| 20:26 | Construir | House |
| 20:27 | Crear | Villager (Male) |
| 20:30 | Crear | Monk |
| 20:52 | Crear | Villager (Male) |
| 20:52 | Crear | Villager (Male) |
| 20:54 | Construir | Farm |
| 20:54 | Construir | Farm |
| 20:55 | Construir | Farm |
| 20:55 | Construir | Farm |
| 20:55 | Construir | Farm |
| 20:55 | Construir | Farm |
| 20:55 | Construir | Farm |
| 20:56 | Construir | Farm |
| 20:56 | Construir | Farm |
| 20:56 | Construir | Farm |
| 20:57 | Crear | Villager (Male) |
Build order — GDL Paquita Industrial
Primeras 150 de 328 acciones detectadas
| 0:00 | Crear | Villager (Male) |
| 0:01 | Crear | Villager (Male) |
| 0:01 | Crear | Villager (Male) |
| 0:02 | Construir | House |
| 0:03 | Construir | House |
| 0:04 | Crear | Villager (Male) |
| 1:15 | Crear | Villager (Male) |
| 1:36 | Crear | Villager (Male) |
| 1:57 | Construir | Lumber Camp |
| 2:26 | Crear | Villager (Male) |
| 2:26 | Crear | Villager (Male) |
| 2:27 | Crear | Villager (Male) |
| 2:34 | Construir | House |
| 3:21 | Crear | Villager (Male) |
| 3:22 | Crear | Villager (Male) |
| 3:36 | Crear | Villager (Male) |
| 4:05 | Crear | Villager (Male) |
| 4:07 | Construir | Mill |
| 4:32 | Crear | Villager (Male) |
| 5:02 | Crear | Villager (Male) |
| 5:02 | Crear | Villager (Male) |
| 5:06 | Construir | House |
| 5:44 | Crear | Villager (Male) |
| 5:45 | Crear | Villager (Male) |
| 6:03 | Crear | Villager (Male) |
| 6:46 | Construir | House |
| 6:57 | Crear | Villager (Male) |
| 7:56 | Investigar | Feudal Age |
| 8:33 | Crear | Villager (Male) |
| 8:33 | Crear | Villager (Male) |
| 9:53 | Construir | Farm |
| 9:53 | Construir | Farm |
| 9:55 | Construir | Farm |
| 10:31 | Edad | Edad Feudal |
| 10:33 | Construir | Market |
| 10:34 | Construir | Blacksmith |
| 11:24 | Investigar | Castle Age |
| 11:29 | Investigar | Double-Bit Axe |
| 11:37 | Investigar | Horse Collar |
| 12:04 | Construir | Farm |
| 12:06 | Construir | Farm |
| 12:15 | Crear | Villager (Male) |
| 12:28 | Construir | Farm |
| 13:41 | Crear | Villager (Male) |
| 14:03 | Crear | Villager (Male) |
| 14:04 | Edad | Edad de los Castillos |
| 14:05 | Investigar | Bow Saw |
| 14:06 | Investigar | Heavy Plow |
| 14:33 | Construir | Town Center |
| 14:37 | Construir | House |
| 14:40 | Crear | Villager (Male) |
| 14:55 | Crear | Villager (Male) |
| 15:16 | Construir | Farm |
| 15:19 | Crear | Villager (Male) |
| 15:27 | Crear | Villager (Male) |
| 15:27 | Crear | Villager (Male) |
| 15:32 | Construir | Town Center |
| 15:35 | Crear | Villager (Male) |
| 15:36 | Crear | Villager (Male) |
| 15:55 | Crear | Villager (Male) |
| 16:03 | Crear | Villager (Male) |
| 16:20 | Construir | Farm |
| 16:21 | Construir | Farm |
| 16:23 | Construir | Farm |
| 16:29 | Crear | Villager (Male) |
| 16:32 | Construir | Farm |
| 16:34 | Construir | Farm |
| 16:36 | Crear | Villager (Male) |
| 16:36 | Crear | Villager (Male) |
| 16:42 | Construir | Farm |
| 16:45 | Construir | Farm |
| 16:52 | Construir | Farm |
| 16:56 | Crear | Villager (Male) |
| 17:04 | Construir | Farm |
| 17:07 | Crear | Villager (Male) |
| 17:12 | Construir | Farm |
| 17:23 | Crear | Villager (Male) |
| 17:29 | Crear | Villager (Male) |
| 17:31 | Construir | Farm |
| 17:36 | Crear | Villager (Male) |
| 17:42 | Crear | Villager (Male) |
| 17:44 | Crear | Villager (Male) |
| 17:49 | Construir | Town Center |
| 17:59 | Crear | Villager (Male) |
| 18:19 | Investigar | Wheelbarrow |
| 18:22 | Investigar | Town Watch |
| 18:29 | Construir | House |
| 18:30 | Crear | Villager (Male) |
| 18:31 | Crear | Villager (Male) |
| 18:31 | Crear | Villager (Male) |
| 18:38 | Construir | House |
| 18:40 | Construir | House |
| 18:41 | Crear | Villager (Male) |
| 18:42 | Crear | Villager (Male) |
| 18:47 | Crear | Villager (Male) |
| 18:53 | Construir | Farm |
| 18:53 | Construir | Farm |
| 18:54 | Construir | Farm |
| 18:56 | Crear | Villager (Male) |
| 18:58 | Construir | Farm |
| 18:58 | Construir | Farm |
| 18:59 | Construir | Farm |
| 19:09 | Construir | House |
| 19:10 | Crear | Villager (Male) |
| 19:14 | Construir | Farm |
| 19:14 | Construir | Farm |
| 19:14 | Construir | Farm |
| 19:15 | Construir | Farm |
| 19:19 | Crear | Villager (Male) |
| 19:22 | Construir | Farm |
| 19:23 | Crear | Villager (Male) |
| 19:23 | Crear | Villager (Male) |
| 19:28 | Crear | Villager (Male) |
| 19:31 | Crear | Villager (Male) |
| 19:33 | Construir | House |
| 19:42 | Construir | House |
| 19:48 | Construir | Farm |
| 19:50 | Crear | Villager (Male) |
| 19:53 | Crear | Villager (Male) |
| 19:56 | Construir | House |
| 19:57 | Crear | Villager (Male) |
| 20:01 | Crear | Villager (Male) |
| 20:05 | Construir | Mining Camp |
| 20:07 | Crear | Villager (Male) |
| 20:11 | Construir | House |
| 20:12 | Crear | Villager (Male) |
| 20:12 | Crear | Villager (Male) |
| 20:21 | Crear | Villager (Male) |
| 20:23 | Construir | Barracks |
| 20:40 | Construir | House |
| 20:41 | Construir | House |
| 20:50 | Investigar | Hand Cart |
| 21:01 | Crear | Villager (Male) |
| 21:08 | Crear | Villager (Male) |
| 21:10 | Crear | Villager (Male) |
| 21:19 | Construir | Siege Workshop |
| 21:22 | Crear | Villager (Male) |
| 21:33 | Investigar | Gold Mining |
| 21:42 | Construir | Stable |
| 21:44 | Crear | Villager (Male) |
| 21:50 | Construir | House |
| 22:05 | Crear | Villager (Male) |
| 22:08 | Crear | Villager (Male) |
| 22:11 | Construir | Farm |
| 22:24 | Crear | Villager (Male) |
| 22:25 | Crear | Villager (Male) |
| 22:31 | Construir | Farm |
| 22:33 | Crear | Villager (Male) |
| 22:37 | Crear | Scout Cavalry |
| 22:37 | Crear | Scout Cavalry |
Build order — TanjiroK
Primeras 150 de 215 acciones detectadas
| 0:02 | Crear | Villager (Male) |
| 0:02 | Crear | Villager (Male) |
| 0:02 | Crear | Villager (Male) |
| 0:03 | Crear | Villager (Male) |
| 0:04 | Construir | House |
| 0:05 | Construir | House |
| 1:21 | Crear | Villager (Male) |
| 1:22 | Crear | Villager (Male) |
| 1:50 | Crear | Villager (Male) |
| 1:50 | Crear | Villager (Male) |
| 1:58 | Construir | Lumber Camp |
| 2:02 | Crear | Villager (Male) |
| 2:02 | Crear | Villager (Male) |
| 2:24 | Crear | Villager (Male) |
| 2:25 | Crear | Villager (Male) |
| 2:48 | Crear | Villager (Male) |
| 2:48 | Crear | Villager (Male) |
| 3:33 | Construir | House |
| 3:37 | Crear | Villager (Male) |
| 3:37 | Crear | Villager (Male) |
| 4:02 | Crear | Villager (Male) |
| 4:02 | Crear | Villager (Male) |
| 4:07 | Construir | House |
| 4:23 | Crear | Villager (Male) |
| 4:26 | Crear | Villager (Male) |
| 4:27 | Crear | Villager (Male) |
| 4:27 | Crear | Villager (Male) |
| 5:31 | Crear | Villager (Male) |
| 5:40 | Construir | Barracks |
| 5:46 | Crear | Villager (Male) |
| 6:32 | Crear | Villager (Male) |
| 7:04 | Construir | Mining Camp |
| 7:16 | Investigar | Feudal Age |
| 8:53 | Construir | House |
| 9:26 | Edad | Edad Feudal |
| 9:26 | Crear | Villager (Male) |
| 9:31 | Construir | Archery Range |
| 9:36 | Crear | Villager (Male) |
| 9:41 | Construir | Blacksmith |
| 10:01 | Crear | Villager (Male) |
| 10:27 | Crear | Archer |
| 10:40 | Crear | Villager (Male) |
| 10:51 | Crear | Archer |
| 10:55 | Construir | Mill |
| 11:04 | Crear | Archer |
| 11:17 | Construir | Archery Range |
| 11:21 | Crear | Villager (Male) |
| 11:26 | Construir | Farm |
| 11:36 | Crear | Archer |
| 11:59 | Construir | Farm |
| 12:01 | Crear | Villager (Male) |
| 12:05 | Construir | Farm |
| 12:09 | Construir | House |
| 12:15 | Crear | Archer |
| 12:32 | Crear | Archer |
| 12:38 | Crear | Archer |
| 12:42 | Construir | House |
| 13:10 | Crear | Villager (Male) |
| 13:14 | Construir | Farm |
| 13:31 | Construir | House |
| 13:42 | Crear | Archer |
| 13:44 | Crear | Archer |
| 13:46 | Crear | Villager (Male) |
| 14:11 | Construir | House |
| 14:15 | Crear | Villager (Male) |
| 14:22 | Construir | Lumber Camp |
| 15:19 | Investigar | Castle Age |
| 15:19 | Investigar | Castle Age |
| 15:19 | Investigar | Castle Age |
| 15:26 | Investigar | Horse Collar |
| 15:27 | Investigar | Horse Collar |
| 15:42 | Investigar | Fletching |
| 15:42 | Investigar | Fletching |
| 15:55 | Construir | Farm |
| 15:56 | Construir | Farm |
| 16:06 | Crear | Archer |
| 16:06 | Crear | Archer |
| 16:22 | Investigar | Double-Bit Axe |
| 16:23 | Investigar | Double-Bit Axe |
| 16:30 | Crear | Archer |
| 16:31 | Crear | Archer |
| 17:11 | Construir | Farm |
| 17:15 | Construir | House |
| 17:54 | Construir | Farm |
| 17:59 | Edad | Edad de los Castillos |
| 18:01 | Investigar | Bodkin Arrow |
| 18:03 | Investigar | Crossbowman (upgrade) |
| 18:13 | Construir | Siege Workshop |
| 18:18 | Crear | Archer |
| 18:18 | Crear | Archer |
| 18:20 | Crear | Villager (Male) |
| 18:21 | Crear | Villager (Male) |
| 18:27 | Construir | Farm |
| 18:47 | Crear | Villager (Male) |
| 19:06 | Construir | House |
| 19:07 | Crear | Battering Ram |
| 19:30 | Crear | Battering Ram |
| 19:43 | Crear | Villager (Male) |
| 19:48 | Crear | Villager (Male) |
| 20:03 | Crear | Battering Ram |
| 20:04 | Crear | Battering Ram |
| 20:13 | Crear | Villager (Male) |
| 20:17 | Crear | Archer |
| 20:18 | Crear | Archer |
| 20:18 | Crear | Archer |
| 20:54 | Crear | Mangonel |
| 20:54 | Crear | Mangonel |
| 20:54 | Crear | Mangonel |
| 20:59 | Crear | Villager (Male) |
| 21:04 | Construir | House |
| 21:08 | Crear | Villager (Male) |
| 21:10 | Construir | Farm |
| 21:31 | Crear | Villager (Male) |
| 21:37 | Crear | Archer |
| 21:37 | Crear | Archer |
| 21:38 | Crear | Archer |
| 21:38 | Crear | Archer |
| 21:41 | Construir | House |
| 22:12 | Construir | House |
| 22:24 | Crear | Villager (Male) |
| 22:26 | Investigar | Padded Archer Armor |
| 22:26 | Investigar | Padded Archer Armor |
| 23:00 | Investigar | Wheelbarrow |
| 23:06 | Construir | Town Center |
| 23:15 | Construir | Town Center |
| 23:24 | Crear | Archer |
| 23:25 | Crear | Archer |
| 23:31 | Crear | Villager (Male) |
| 24:00 | Construir | Mining Camp |
| 24:17 | Crear | Archer |
| 24:18 | Crear | Archer |
| 24:27 | Construir | House |
| 24:41 | Crear | Villager (Male) |
| 24:42 | Crear | Villager (Male) |
| 25:03 | Crear | Villager (Male) |
| 25:07 | Crear | Villager (Male) |
| 25:07 | Crear | Villager (Male) |
| 25:11 | Crear | Archer |
| 25:15 | Construir | House |
| 25:24 | Crear | Villager (Male) |
| 25:27 | Crear | Villager (Male) |
| 25:34 | Construir | University |
| 25:49 | Construir | Stone Wall |
| 25:56 | Construir | Stone Wall |
| 25:58 | Crear | Villager (Male) |
| 25:59 | Crear | Villager (Male) |
| 26:01 | Crear | Archer |
| 26:10 | Crear | Villager (Male) |
| 26:11 | Crear | Villager (Male) |
| 26:13 | Crear | Villager (Male) |
Build order — Hi bro
Primeras 150 de 291 acciones detectadas
| 0:02 | Crear | Villager (Male) |
| 0:02 | Crear | Villager (Male) |
| 0:02 | Crear | Villager (Male) |
| 0:04 | Construir | House |
| 0:06 | Construir | House |
| 0:16 | Crear | Villager (Male) |
| 1:36 | Crear | Villager (Male) |
| 1:36 | Crear | Villager (Male) |
| 1:49 | Construir | Lumber Camp |
| 2:04 | Crear | Villager (Male) |
| 2:04 | Crear | Villager (Male) |
| 2:16 | Crear | Villager (Male) |
| 2:17 | Crear | Villager (Male) |
| 2:42 | Crear | Villager (Male) |
| 2:44 | Construir | House |
| 2:45 | Construir | House |
| 3:26 | Crear | Villager (Male) |
| 3:26 | Crear | Villager (Male) |
| 3:49 | Crear | Villager (Male) |
| 3:49 | Crear | Villager (Male) |
| 4:19 | Crear | Villager (Male) |
| 4:20 | Crear | Villager (Male) |
| 4:20 | Crear | Villager (Male) |
| 4:20 | Crear | Villager (Male) |
| 4:27 | Construir | Mill |
| 5:41 | Crear | Villager (Male) |
| 5:41 | Crear | Villager (Male) |
| 5:48 | Crear | Villager (Male) |
| 5:49 | Crear | Villager (Male) |
| 5:49 | Crear | Villager (Male) |
| 5:49 | Crear | Villager (Male) |
| 6:11 | Crear | Villager (Male) |
| 6:11 | Crear | Villager (Male) |
| 6:32 | Construir | Farm |
| 6:36 | Crear | Villager (Male) |
| 6:41 | Construir | Farm |
| 6:48 | Crear | Villager (Male) |
| 6:49 | Crear | Villager (Male) |
| 6:49 | Crear | Villager (Male) |
| 7:16 | Construir | Farm |
| 7:17 | Construir | Farm |
| 7:22 | Construir | Farm |
| 7:36 | Construir | Farm |
| 7:46 | Construir | Farm |
| 8:23 | Construir | Mining Camp |
| 8:40 | Investigar | Feudal Age |
| 9:09 | Construir | Farm |
| 9:46 | Investigar | Loom |
| 10:18 | Crear | Villager (Male) |
| 10:43 | Construir | House |
| 10:50 | Edad | Edad Feudal |
| 10:57 | Construir | Blacksmith |
| 11:00 | Construir | Market |
| 11:07 | Crear | Villager (Male) |
| 11:56 | Investigar | Castle Age |
| 13:30 | Investigar | Double-Bit Axe |
| 13:31 | Investigar | Horse Collar |
| 13:32 | Investigar | Horse Collar |
| 13:51 | Investigar | Wheelbarrow |
| 14:36 | Edad | Edad de los Castillos |
| 14:39 | Construir | Town Center |
| 14:42 | Construir | Town Center |
| 14:46 | Crear | Villager (Male) |
| 15:30 | Crear | Villager (Male) |
| 15:35 | Construir | House |
| 15:36 | Construir | House |
| 15:37 | Construir | House |
| 15:48 | Construir | Monastery |
| 16:02 | Crear | Villager (Male) |
| 16:02 | Crear | Villager (Male) |
| 16:08 | Crear | Villager (Male) |
| 16:21 | Crear | Villager (Male) |
| 16:23 | Crear | Villager (Male) |
| 16:23 | Crear | Villager (Male) |
| 16:27 | Crear | Villager (Male) |
| 16:44 | Crear | Villager (Male) |
| 16:53 | Crear | Villager (Male) |
| 16:54 | Crear | Villager (Male) |
| 16:58 | Crear | Villager (Male) |
| 17:02 | Construir | House |
| 17:16 | Crear | Villager (Male) |
| 17:27 | Construir | Farm |
| 17:45 | Crear | Villager (Male) |
| 17:47 | Crear | Villager (Male) |
| 17:49 | Crear | Villager (Male) |
| 17:51 | Crear | Villager (Male) |
| 17:55 | Crear | Monk |
| 17:55 | Crear | Monk |
| 18:04 | Crear | Villager (Male) |
| 18:13 | Construir | Farm |
| 18:13 | Construir | Farm |
| 18:15 | Construir | Farm |
| 18:20 | Construir | Farm |
| 18:22 | Crear | Villager (Male) |
| 18:23 | Crear | Villager (Male) |
| 18:26 | Construir | House |
| 18:27 | Construir | House |
| 18:28 | Crear | Villager (Male) |
| 18:32 | Crear | Monk |
| 18:38 | Construir | Farm |
| 18:42 | Crear | Villager (Male) |
| 18:50 | Crear | Villager (Male) |
| 18:51 | Crear | Villager (Male) |
| 18:56 | Construir | Farm |
| 18:56 | Construir | Farm |
| 18:58 | Construir | Farm |
| 19:01 | Crear | Villager (Male) |
| 19:08 | Construir | Mining Camp |
| 19:21 | Crear | Villager (Male) |
| 19:47 | Construir | Farm |
| 19:48 | Construir | Farm |
| 19:49 | Crear | Villager (Male) |
| 19:50 | Crear | Villager (Male) |
| 19:51 | Crear | Villager (Male) |
| 19:55 | Construir | Farm |
| 19:57 | Crear | Villager (Male) |
| 19:58 | Crear | Villager (Male) |
| 20:06 | Crear | Villager (Male) |
| 20:06 | Crear | Villager (Male) |
| 20:16 | Construir | Farm |
| 20:17 | Construir | Farm |
| 20:18 | Construir | Farm |
| 20:20 | Crear | Villager (Male) |
| 20:21 | Crear | Villager (Male) |
| 20:23 | Construir | House |
| 20:24 | Construir | House |
| 20:32 | Crear | Villager (Male) |
| 20:36 | Construir | Farm |
| 20:37 | Construir | Farm |
| 20:38 | Construir | Farm |
| 20:46 | Crear | Villager (Male) |
| 20:50 | Crear | Villager (Male) |
| 20:57 | Crear | Villager (Male) |
| 20:58 | Crear | Villager (Male) |
| 21:14 | Construir | Gate |
| 21:18 | Crear | Monk |
| 21:24 | Construir | House |
| 21:26 | Construir | House |
| 21:27 | Crear | Villager (Male) |
| 21:28 | Crear | Villager (Male) |
| 21:30 | Crear | Villager (Male) |
| 21:33 | Crear | Villager (Male) |
| 21:40 | Construir | Farm |
| 21:40 | Construir | Farm |
| 21:40 | Construir | Farm |
| 21:43 | Construir | Farm |
| 21:44 | Crear | Villager (Male) |
| 22:22 | Crear | Villager (Male) |
| 22:39 | Construir | Siege Workshop |
| 22:49 | Construir | House |
Build order — [GDL]Unchained Soul of Lord Yama
Primeras 150 de 229 acciones detectadas
| 0:01 | Crear | Villager (Male) |
| 0:01 | Crear | Villager (Male) |
| 0:02 | Construir | House |
| 0:04 | Construir | House |
| 0:16 | Crear | Villager (Male) |
| 0:16 | Crear | Villager (Male) |
| 1:36 | Crear | Villager (Male) |
| 1:53 | Construir | Lumber Camp |
| 1:56 | Crear | Villager (Male) |
| 1:56 | Crear | Villager (Male) |
| 2:12 | Crear | Villager (Male) |
| 2:39 | Crear | Villager (Male) |
| 2:39 | Crear | Villager (Male) |
| 3:06 | Crear | Villager (Male) |
| 3:06 | Crear | Villager (Male) |
| 3:24 | Crear | Villager (Male) |
| 3:25 | Crear | Villager (Male) |
| 3:35 | Construir | House |
| 3:47 | Crear | Villager (Male) |
| 3:47 | Crear | Villager (Male) |
| 4:10 | Crear | Villager (Male) |
| 4:23 | Crear | Villager (Male) |
| 4:23 | Crear | Villager (Male) |
| 4:48 | Construir | Mill |
| 5:18 | Crear | Villager (Male) |
| 5:50 | Crear | Villager (Male) |
| 6:15 | Investigar | Feudal Age |
| 7:00 | Construir | House |
| 7:01 | Construir | House |
| 8:27 | Edad | Edad Feudal |
| 8:30 | Crear | Villager (Male) |
| 8:30 | Crear | Villager (Male) |
| 8:33 | Construir | Town Center |
| 8:37 | Crear | Villager (Male) |
| 8:42 | Crear | Villager (Male) |
| 8:47 | Investigar | Double-Bit Axe |
| 8:51 | Investigar | Horse Collar |
| 9:44 | Crear | Villager (Male) |
| 9:59 | Crear | Villager (Male) |
| 9:59 | Crear | Villager (Male) |
| 9:59 | Crear | Villager (Male) |
| 10:03 | Construir | Farm |
| 10:05 | Construir | Farm |
| 10:14 | Construir | Farm |
| 10:24 | Crear | Villager (Male) |
| 10:28 | Construir | Farm |
| 10:34 | Crear | Villager (Male) |
| 10:34 | Crear | Villager (Male) |
| 10:34 | Crear | Villager (Male) |
| 10:51 | Crear | Villager (Male) |
| 11:04 | Crear | Villager (Male) |
| 11:12 | Construir | Farm |
| 11:13 | Construir | Farm |
| 11:16 | Construir | Farm |
| 11:17 | Construir | Farm |
| 11:20 | Crear | Villager (Male) |
| 11:20 | Crear | Villager (Male) |
| 11:28 | Construir | House |
| 11:29 | Construir | House |
| 11:32 | Crear | Villager (Male) |
| 11:46 | Crear | Villager (Male) |
| 11:46 | Crear | Villager (Male) |
| 11:54 | Construir | Farm |
| 12:00 | Crear | Villager (Male) |
| 12:00 | Crear | Villager (Male) |
| 12:14 | Crear | Villager (Male) |
| 12:23 | Construir | Farm |
| 12:30 | Construir | House |
| 12:32 | Construir | House |
| 12:41 | Crear | Villager (Male) ×2 |
| 12:41 | Crear | Villager (Male) ×2 |
| 12:47 | Construir | Farm |
| 13:02 | Construir | Farm |
| 13:10 | Construir | Farm |
| 13:23 | Crear | Villager (Male) ×4 |
| 13:23 | Crear | Villager (Male) ×4 |
| 13:40 | Construir | Blacksmith |
| 13:42 | Crear | Villager (Male) ×3 |
| 13:42 | Crear | Villager (Male) ×3 |
| 13:51 | Construir | Farm |
| 13:54 | Crear | Villager (Male) |
| 14:11 | Crear | Villager (Male) ×3 |
| 14:11 | Crear | Villager (Male) ×3 |
| 14:33 | Construir | Market |
| 14:35 | Crear | Villager (Male) ×2 |
| 14:35 | Crear | Villager (Male) |
| 14:52 | Construir | Farm |
| 14:54 | Construir | Farm |
| 14:56 | Construir | Farm |
| 15:09 | Construir | Farm |
| 15:28 | Investigar | Loom |
| 15:42 | Construir | Barracks |
| 15:44 | Crear | Villager (Male) ×5 |
| 15:45 | Crear | Villager (Male) ×5 |
| 15:45 | Crear | Villager (Male) ×4 |
| 16:18 | Construir | Farm |
| 16:22 | Construir | Farm |
| 16:27 | Construir | Farm |
| 16:29 | Construir | Farm |
| 16:44 | Investigar | Castle Age |
| 16:51 | Construir | Stable |
| 17:06 | Investigar | Wheelbarrow |
| 17:37 | Construir | Mining Camp |
| 17:47 | Construir | House |
| 17:49 | Investigar | Bloodlines |
| 17:51 | Investigar | Scale Barding Armor |
| 17:51 | Investigar | Scale Barding Armor |
| 17:58 | Construir | Farm |
| 17:59 | Construir | Farm |
| 18:00 | Construir | Farm |
| 18:23 | Construir | Farm |
| 18:25 | Investigar | Gold Mining |
| 18:33 | Construir | Stable |
| 18:43 | Investigar | Forging |
| 19:00 | Crear | Villager (Male) ×5 |
| 19:24 | Edad | Edad de los Castillos |
| 19:28 | Construir | Town Center |
| 19:31 | Construir | House |
| 19:32 | Construir | House |
| 19:45 | Crear | Knight ×5 |
| 19:45 | Crear | Knight |
| 19:45 | Crear | Knight |
| 20:08 | Crear | Villager (Male) ×5 |
| 20:08 | Crear | Villager (Male) ×2 |
| 20:08 | Crear | Villager (Male) ×2 |
| 20:21 | Investigar | Bow Saw |
| 20:31 | Construir | House |
| 20:32 | Construir | House |
| 20:43 | Investigar | Heavy Plow |
| 20:51 | Crear | Knight ×2 |
| 20:51 | Crear | Knight ×2 |
| 21:25 | Crear | Knight ×4 |
| 21:26 | Crear | Knight ×4 |
| 21:36 | Construir | Monastery |
| 21:37 | Crear | Villager (Male) ×5 |
| 21:56 | Investigar | Chain Barding Armor |
| 22:09 | Construir | Farm |
| 22:11 | Construir | Farm |
| 22:12 | Construir | Farm |
| 22:22 | Investigar | Iron Casting |
| 22:39 | Construir | Stable |
| 22:47 | Investigar | Gold Shaft Mining |
| 22:49 | Crear | Villager (Male) ×2 |
| 22:50 | Crear | Villager (Male) |
| 23:03 | Crear | Knight ×2 |
| 23:24 | Construir | Siege Workshop |
| 23:28 | Construir | Farm |
| 23:29 | Crear | Villager (Male) ×5 |
| 23:36 | Construir | House |
| 23:40 | Construir | House |
Build order — 今夜只属于我
Primeras 150 de 326 acciones detectadas
| 0:01 | Crear | Villager (Male) |
| 0:01 | Crear | Villager (Male) |
| 0:02 | Construir | House |
| 0:04 | Construir | House |
| 0:16 | Crear | Villager (Male) |
| 0:16 | Crear | Villager (Male) |
| 0:17 | Crear | Villager (Male) |
| 1:31 | Crear | Villager (Male) |
| 1:31 | Crear | Villager (Male) |
| 1:46 | Construir | Lumber Camp |
| 1:59 | Crear | Villager (Male) |
| 1:59 | Crear | Villager (Male) |
| 2:17 | Crear | Villager (Male) |
| 2:17 | Crear | Villager (Male) |
| 2:47 | Crear | Villager (Male) |
| 2:47 | Crear | Villager (Male) |
| 3:02 | Crear | Villager (Male) |
| 3:03 | Crear | Villager (Male) |
| 3:34 | Crear | Villager (Male) |
| 3:35 | Crear | Villager (Male) |
| 4:00 | Crear | Villager (Male) |
| 4:00 | Crear | Villager (Male) |
| 4:04 | Construir | House |
| 4:15 | Construir | Mill |
| 4:24 | Crear | Villager (Male) |
| 4:25 | Crear | Villager (Male) |
| 4:45 | Construir | House |
| 4:46 | Construir | House |
| 4:54 | Crear | Villager (Male) |
| 4:55 | Crear | Villager (Male) |
| 4:55 | Crear | Villager (Male) |
| 4:55 | Crear | Villager (Male) |
| 5:31 | Crear | Villager (Male) |
| 5:32 | Crear | Villager (Male) |
| 5:57 | Crear | Villager (Male) |
| 5:57 | Crear | Villager (Male) |
| 5:58 | Crear | Villager (Male) |
| 6:27 | Crear | Villager (Male) |
| 6:27 | Crear | Villager (Male) |
| 6:28 | Crear | Villager (Male) |
| 6:42 | Crear | Villager (Male) |
| 8:17 | Construir | Farm |
| 8:22 | Construir | Farm |
| 8:29 | Construir | Farm |
| 8:32 | Construir | Mining Camp |
| 8:37 | Investigar | Feudal Age |
| 9:09 | Crear | Villager (Male) |
| 9:10 | Crear | Villager (Male) |
| 10:56 | Edad | Edad Feudal |
| 11:01 | Construir | Market |
| 11:05 | Construir | Blacksmith |
| 11:49 | Investigar | Castle Age |
| 11:50 | Crear | Villager (Male) |
| 11:50 | Crear | Villager (Male) |
| 12:01 | Construir | Farm |
| 12:05 | Construir | Farm |
| 12:08 | Construir | Farm |
| 12:12 | Construir | Farm |
| 12:15 | Construir | Farm |
| 12:18 | Investigar | Double-Bit Axe |
| 12:19 | Investigar | Double-Bit Axe |
| 12:44 | Crear | Villager (Male) |
| 12:57 | Construir | House |
| 12:58 | Construir | House |
| 12:59 | Construir | House |
| 13:07 | Crear | Villager (Male) |
| 13:41 | Construir | Farm |
| 14:29 | Edad | Edad de los Castillos |
| 14:35 | Construir | Town Center |
| 14:40 | Construir | Town Center |
| 14:46 | Crear | Villager (Male) |
| 14:54 | Construir | House |
| 14:57 | Construir | House |
| 14:58 | Investigar | Bow Saw |
| 14:58 | Investigar | Bow Saw |
| 15:25 | Crear | Villager (Male) |
| 15:34 | Construir | Farm |
| 15:39 | Construir | Farm |
| 15:42 | Crear | Villager (Male) |
| 16:01 | Crear | Villager (Male) |
| 16:02 | Construir | Farm |
| 16:14 | Crear | Villager (Male) |
| 16:15 | Crear | Villager (Male) |
| 16:17 | Construir | Farm |
| 16:26 | Crear | Villager (Male) |
| 16:26 | Crear | Villager (Male) |
| 16:36 | Crear | Villager (Male) |
| 16:40 | Construir | Farm |
| 16:47 | Crear | Villager (Male) |
| 16:56 | Construir | Farm |
| 16:57 | Crear | Villager (Male) |
| 17:10 | Construir | Lumber Camp |
| 17:13 | Crear | Villager (Male) |
| 17:13 | Crear | Villager (Male) |
| 17:21 | Construir | Farm |
| 17:28 | Construir | Farm |
| 17:34 | Construir | Farm |
| 17:37 | Crear | Villager (Male) |
| 17:37 | Crear | Villager (Male) |
| 17:37 | Crear | Villager (Male) |
| 17:37 | Crear | Villager (Male) |
| 17:51 | Crear | Villager (Male) |
| 17:52 | Crear | Villager (Male) |
| 17:54 | Construir | Farm |
| 17:55 | Construir | Farm |
| 17:56 | Construir | Farm |
| 18:03 | Construir | Farm |
| 18:07 | Crear | Villager (Male) |
| 18:19 | Construir | House |
| 18:20 | Construir | House |
| 18:21 | Construir | House |
| 18:24 | Crear | Villager (Male) |
| 18:25 | Crear | Villager (Male) |
| 18:31 | Crear | Villager (Male) |
| 18:39 | Crear | Villager (Male) |
| 18:52 | Construir | Town Center |
| 18:56 | Crear | Villager (Male) |
| 18:58 | Investigar | Wheelbarrow |
| 18:58 | Investigar | Wheelbarrow |
| 19:13 | Construir | Farm |
| 19:15 | Construir | Farm |
| 19:17 | Crear | Villager (Male) |
| 19:19 | Construir | Farm |
| 19:23 | Crear | Villager (Male) |
| 19:26 | Construir | Mill |
| 19:27 | Construir | Farm |
| 19:31 | Crear | Villager (Male) |
| 19:35 | Crear | Villager (Male) |
| 19:40 | Crear | Villager (Male) |
| 19:42 | Construir | Farm |
| 19:49 | Construir | Farm |
| 19:51 | Construir | Farm |
| 19:56 | Crear | Villager (Male) |
| 19:58 | Crear | Villager (Male) |
| 20:03 | Construir | House |
| 20:04 | Construir | House |
| 20:05 | Construir | House |
| 20:09 | Investigar | Gold Mining |
| 20:09 | Investigar | Gold Mining |
| 20:15 | Crear | Villager (Male) |
| 20:16 | Crear | Villager (Male) |
| 20:25 | Construir | Farm |
| 20:29 | Construir | Farm |
| 20:35 | Crear | Villager (Male) |
| 20:40 | Construir | Farm |
| 20:41 | Crear | Villager (Male) |
| 20:41 | Crear | Villager (Male) |
| 20:53 | Crear | Villager (Male) |
| 20:53 | Crear | Villager (Male) |
| 20:53 | Crear | Villager (Male) |
Build order — [GDL] DonIvan
Primeras 150 de 294 acciones detectadas
| 0:02 | Crear | Villager (Male) |
| 0:03 | Construir | House |
| 0:05 | Construir | House |
| 0:11 | Crear | Villager (Male) |
| 0:11 | Crear | Villager (Male) |
| 0:14 | Crear | Villager (Male) |
| 1:26 | Crear | Villager (Male) |
| 2:00 | Crear | Villager (Male) |
| 2:00 | Crear | Villager (Male) |
| 2:00 | Crear | Villager (Male) |
| 2:14 | Construir | Lumber Camp |
| 2:29 | Crear | Villager (Male) |
| 2:29 | Crear | Villager (Male) |
| 3:04 | Crear | Villager (Male) |
| 3:04 | Crear | Villager (Male) |
| 3:22 | Crear | Villager (Male) |
| 3:37 | Crear | Villager (Male) |
| 3:37 | Crear | Villager (Male) |
| 4:02 | Construir | House |
| 4:15 | Crear | Villager (Male) |
| 4:15 | Crear | Villager (Male) |
| 4:15 | Crear | Villager (Male) |
| 4:38 | Crear | Villager (Male) |
| 4:39 | Crear | Villager (Male) |
| 4:39 | Crear | Villager (Male) |
| 4:55 | Crear | Villager (Male) |
| 4:56 | Crear | Villager (Male) |
| 5:02 | Crear | Villager (Male) |
| 5:02 | Crear | Villager (Male) |
| 5:31 | Crear | Villager (Male) |
| 5:31 | Crear | Villager (Male) |
| 5:41 | Crear | Villager (Male) |
| 5:54 | Crear | Villager (Male) |
| 5:54 | Crear | Villager (Male) |
| 6:03 | Construir | Mill |
| 6:04 | Crear | Villager (Male) |
| 6:16 | Crear | Villager (Male) |
| 6:16 | Crear | Villager (Male) |
| 6:16 | Crear | Villager (Male) |
| 6:17 | Crear | Villager (Male) |
| 6:31 | Construir | House |
| 6:53 | Crear | Villager (Male) |
| 7:39 | Construir | Farm |
| 7:43 | Construir | Farm |
| 7:49 | Construir | House |
| 8:11 | Crear | Villager (Male) |
| 8:25 | Construir | Mining Camp |
| 8:44 | Investigar | Feudal Age |
| 9:57 | Crear | Villager (Male) |
| 9:57 | Crear | Villager (Male) |
| 11:16 | Construir | Mining Camp |
| 11:29 | Edad | Edad Feudal |
| 11:42 | Construir | Market |
| 11:46 | Construir | Blacksmith |
| 12:18 | Investigar | Loom |
| 12:19 | Investigar | Castle Age |
| 12:19 | Investigar | Castle Age |
| 12:41 | Investigar | Double-Bit Axe |
| 13:06 | Investigar | Horse Collar |
| 13:11 | Construir | Farm |
| 13:28 | Construir | House |
| 13:38 | Construir | Farm |
| 13:44 | Construir | Farm |
| 14:08 | Crear | Villager (Male) |
| 14:09 | Crear | Villager (Male) |
| 14:21 | Crear | Villager (Male) |
| 14:44 | Construir | Farm |
| 15:24 | Edad | Edad de los Castillos |
| 15:29 | Construir | Castle |
| 15:43 | Construir | Farm |
| 15:45 | Crear | Villager (Male) |
| 16:01 | Construir | Town Center |
| 16:06 | Investigar | Bow Saw |
| 16:48 | Crear | Villager (Male) |
| 16:59 | Construir | Farm |
| 17:05 | Crear | Villager (Male) |
| 17:15 | Investigar | Heavy Plow |
| 17:23 | Construir | Farm |
| 17:27 | Construir | Farm |
| 17:29 | Crear | Villager (Male) |
| 17:36 | Crear | Villager (Male) |
| 17:44 | Construir | Farm |
| 17:47 | Construir | Farm |
| 17:59 | Construir | Farm |
| 18:01 | Crear | Villager (Male) |
| 18:06 | Construir | Farm |
| 18:09 | Crear | Villager (Male) |
| 18:13 | Construir | Farm |
| 18:18 | Crear | Villager (Male) |
| 18:19 | Crear | Villager (Male) |
| 18:30 | Construir | Farm |
| 18:34 | Crear | Villager (Male) |
| 18:34 | Crear | Villager (Male) |
| 18:37 | Construir | Farm |
| 18:40 | Construir | Farm |
| 18:43 | Construir | Farm |
| 18:47 | Crear | Villager (Male) |
| 18:47 | Crear | Villager (Male) |
| 18:53 | Construir | Farm |
| 18:55 | Crear | Villager (Male) |
| 19:04 | Crear | Villager (Male) |
| 19:04 | Crear | Villager (Male) |
| 19:15 | Construir | Farm |
| 19:16 | Crear | Villager (Male) |
| 19:26 | Construir | Farm |
| 19:35 | Construir | Farm |
| 19:35 | Crear | Villager (Male) |
| 19:36 | Crear | Villager (Male) |
| 19:38 | Construir | Farm |
| 19:39 | Crear | Villager (Male) |
| 19:40 | Construir | Farm |
| 19:41 | Crear | Villager (Male) |
| 19:54 | Crear | Conquistador |
| 20:07 | Construir | Town Center |
| 20:11 | Crear | Villager (Male) |
| 20:18 | Crear | Villager (Male) |
| 20:22 | Construir | House |
| 20:23 | Construir | House |
| 20:25 | Crear | Conquistador |
| 20:30 | Crear | Villager (Male) |
| 20:33 | Crear | Villager (Male) |
| 20:33 | Crear | Villager (Male) |
| 20:37 | Crear | Villager (Male) |
| 20:42 | Construir | Farm |
| 20:48 | Construir | Farm |
| 20:49 | Crear | Villager (Male) |
| 20:49 | Crear | Villager (Male) |
| 20:55 | Crear | Villager (Male) |
| 20:55 | Crear | Villager (Male) |
| 21:12 | Crear | Villager (Male) |
| 21:16 | Crear | Conquistador |
| 21:34 | Crear | Villager (Male) |
| 21:37 | Crear | Villager (Male) |
| 21:37 | Crear | Villager (Male) |
| 21:44 | Crear | Villager (Male) |
| 21:44 | Crear | Villager (Male) |
| 21:47 | Construir | Mill |
| 21:50 | Construir | Farm |
| 21:50 | Construir | Farm |
| 21:50 | Construir | Farm |
| 21:50 | Construir | Farm |
| 21:50 | Construir | Farm |
| 21:51 | Construir | Farm |
| 22:02 | Crear | Villager (Male) |
| 22:17 | Crear | Villager (Male) |
| 22:20 | Construir | House |
| 22:21 | Construir | House |
| 22:32 | Crear | Villager (Male) |
| 22:34 | Construir | Farm |
| 22:35 | Crear | Villager (Male) |
Cronología de la partida
| 5:40 | TanjiroK · first_building Barracks |
| 8:27 | [GDL]Unchained Soul of Lord Yama · age_up feudal |
| 9:26 | TanjiroK · age_up feudal |
| 9:29 | thebjornlothbrok · first_building Barracks |
| 9:31 | TanjiroK · first_building Archery Range |
| 10:31 | GDL Paquita Industrial · age_up feudal |
| 10:50 | Hi bro · age_up feudal |
| 10:56 | [GDL] Nicky · age_up feudal |
| 10:56 | 今夜只属于我 · age_up feudal |
| 11:24 | GDL Paquita Industrial · first_market_sell 100 wood |
| 11:29 | [GDL] DonIvan · age_up feudal |
| 11:45 | thebjornlothbrok · age_up feudal |
| 11:48 | thebjornlothbrok · first_building Stable |
| 14:04 | GDL Paquita Industrial · age_up castle |
| 14:27 | [GDL] Nicky · age_up castle |
| 14:29 | 今夜只属于我 · age_up castle |
| 14:36 | Hi bro · age_up castle |
| 15:24 | [GDL] DonIvan · age_up castle |
| 15:29 | [GDL] DonIvan · first_building Castle |
| 15:40 | thebjornlothbrok · age_up castle |
| 15:42 | [GDL]Unchained Soul of Lord Yama · first_building Barracks |
| 15:48 | Hi bro · first_building Monastery |
| 15:51 | thebjornlothbrok · first_building Monastery |
| 16:14 | [GDL] Nicky · first_market_buy 100 stone |
| 16:20 | [GDL] Nicky · first_building Castle |
| 16:42 | [GDL] Nicky · wall_segment Stone Wall x6 |
| 16:51 | [GDL]Unchained Soul of Lord Yama · first_building Stable |
| 16:55 | [GDL] Nicky · first_building Siege Workshop |
| 17:52 | [GDL] Nicky · first_market_sell 100 stone |
| 17:59 | TanjiroK · age_up castle |
| 18:13 | TanjiroK · first_building Siege Workshop |
| 18:24 | thebjornlothbrok · first_market_buy 100 wood |
| 19:24 | [GDL]Unchained Soul of Lord Yama · age_up castle |
| 19:37 | thebjornlothbrok · first_market_sell 100 wood |
| 20:14 | [GDL] Nicky · wall_segment Stone Wall x1 |
| 20:23 | GDL Paquita Industrial · first_building Barracks |
| 21:19 | GDL Paquita Industrial · first_building Siege Workshop |
| 21:36 | [GDL]Unchained Soul of Lord Yama · first_building Monastery |
| 21:40 | GDL Paquita Industrial · first_market_buy 100 wood |
| 21:42 | GDL Paquita Industrial · first_building Stable |
| 22:34 | 今夜只属于我 · first_building Monastery |
| 22:39 | Hi bro · first_building Siege Workshop |
| 23:24 | [GDL]Unchained Soul of Lord Yama · first_building Siege Workshop |
| 23:45 | [GDL] DonIvan · first_market_buy 100 wood |
| 24:15 | 今夜只属于我 · first_market_sell 100 food |
| 24:42 | Hi bro · first_building Castle |
| 24:45 | 今夜只属于我 · first_building Barracks |
| 24:49 | [GDL] DonIvan · first_building Barracks |
| 25:31 | 今夜只属于我 · first_building Stable |
| 25:49 | TanjiroK · wall_segment Stone Wall x9 |
| 25:56 | TanjiroK · wall_segment Stone Wall x12 |
| 26:11 | thebjornlothbrok · wall_segment Stone Wall x5 |
| 26:13 | [GDL] DonIvan · first_building Stable |
| 26:32 | [GDL] DonIvan · first_market_sell 100 food |
| 26:36 | Hi bro · first_market_sell 100 wood |
| 27:00 | Hi bro · first_building Barracks |
| 27:11 | GDL Paquita Industrial · first_building Castle |
| 27:28 | 今夜只属于我 · age_up imperial |
| 27:28 | [GDL] Nicky · wall_segment Stone Wall x1 |
| 27:53 | Hi bro · first_building Archery Range |
| 28:20 | 今夜只属于我 · first_building Castle |
| 28:28 | GDL Paquita Industrial · first_building Archery Range |
| 29:14 | GDL Paquita Industrial · age_up imperial |
| 29:39 | Hi bro · age_up imperial |
| 29:49 | [GDL] DonIvan · first_building Archery Range |
| 29:57 | [GDL] DonIvan · age_up imperial |
| 30:45 | thebjornlothbrok · wall_segment Stone Wall x5 |
| 30:52 | [GDL] Nicky · first_building Barracks |
| 31:16 | thebjornlothbrok · resign |
| 31:48 | [GDL] Nicky · age_up imperial |
[ ANÁLISIS IA · 1 CRÉDITO ]
¿Qué pasó realmente en esta partida?
Wolo.gg analiza cada decisión: build order, eco, micro, errores típicos por bracket. Análisis personalizado por WhatsApp o Discord en 30 segundos.
Guía civ
Japoneses
Perfil
[GDL] Nicky